 Dungeon Crawl Stone Soup version 0.29.0-3-gbb0933ed62 (webtiles) character file.

Game seed: 2252822186583455348

44 Persephone the Chopper (level 3, -3/33 HPs)
             Began as a Hill Orc Monk on Aug 26, 2022.
             Slain by a worm (10 damage)
             ... on level 2 of the Dungeon.
             The game lasted 00:01:48 (1873 turns).

Persephone the Chopper (Hill Orc Monk)              Turns: 1873, Time: 00:01:49

Health: -3/33      AC:  5    Str: 15    XL:     3   Next: 62%
Magic:  3/3        EV: 12    Int: 10    God:
Gold:   69         SH:  0    Dex: 13    Spells: 2/2 levels left

rFire   . . .      SeeInvis .   a - +0 hand axe
rCold   . . .      Faith    .   (no shield)
rNeg    . . .      Spirit   .   b - +0 robe
rPois   .          Reflect  .   (no helmet)
rElec   .          Harm     .   e - +2 cloak
rCorr   .          Rampage  .   (no gloves)
Will    .....                   (no boots)
Stlth   ++........              (no amulet)
HPRegen 0.11/turn               (no ring)
MPRegen 0.08/turn               (no ring)

@: no status effects
A: no striking features
a: no special abilities


You were on level 2 of the Dungeon.
You visited 1 branch of the dungeon, and saw 2 of its levels.

You collected 69 gold pieces.

Inventory:

Hand Weapons
 a - a +0 hand axe (weapon)
Missiles
 o - a throwing net (quivered)
Armour
 b - a +0 robe (worn)
 e - a +2 cloak (worn)
Scrolls
 g - a scroll of torment {unknown}
 h - a scroll of enchant weapon {unknown}
 j - a scroll of fear {unknown}
 k - a scroll of poison {unknown}
 l - 2 scrolls of immolation {unknown}
 p - a scroll of identify {unknown}
Potions
 c - a potion of ambrosia
 d - 2 potions of brilliance {unknown}
 f - a potion of lignification {unknown}
 i - a potion of curing {unknown}
 m - a potion of berserk rage {unknown}
 n - a potion of haste {unknown}
 q - a potion of attraction {unknown}


   Skills:
 + Level 4.1 Fighting
 + Level 4.5 Axes
 + Level 2.8 Dodging
 + Level 2.1 Stealth


You had 2 spell levels left.
You didn't know any spells.
Your spell library was empty.

Dungeon Overview and Level Annotations

Branches:
Dungeon (2/15)

Altars:

Shops:
D:1 (


Message History

The worm is moderately wounded.
The worm barely misses you.
You hit the worm.
The worm is heavily wounded.
The worm bites you.
You hit the worm.
The worm is severely wounded.
You slash the worm!
You kill the worm!
You hit the worm but do no damage. The worm closely misses you.
You barely miss the worm. You barely miss the worm. The worm barely misses you.
You hit the worm.
The worm is moderately wounded.
The worm closely misses you.
You hit the worm.
The worm is heavily wounded.
You hit the worm.
The worm is severely wounded.
The worm bites you.
* * * LOW HITPOINT WARNING * * *
You hit the worm.
The worm is severely wounded.
The worm closely misses you.
You hit the worm.
The worm is almost dead.
You hit the worm.
The worm is almost dead.
The worm barely misses you.
You hit the worm.
The worm is almost dead.
The worm bites you but does no damage.
You hit the worm but do no damage.
The worm is almost dead.
You hit the worm.
You kill the worm!
You hit the worm.
The worm is lightly wounded.
The worm bites you!
You die...

### #..### #.....#
##...^.^^ #...^>...
####.......?
#.@w........
#.##........
#.##^...^.^.
#.###......^
########.## #....(#
..........#####.###
####..........###
######..........#
####
................#
...#


You could see a worm.

Vanquished Creatures
  An adder (D:2)
  2 worms (D:2)
  A bat (D:1)
  An endoplasm (D:1)
  2 giant cockroaches (D:1)
  4 goblins (D:1)
  4 hobgoblins (D:1)
  3 jackals (D:1)
  2 kobolds (D:1)
  A quokka (D:1)
  3 ball pythons (D:1)
  2 frilled lizards (D:1)
  A rat (D:1)
27 creatures vanquished.

Notes
Turn   | Place    | Note
-------+----------+-------------------------------------------
     0 | D:1      | Persephone the Hill Orc Monk began the quest for the Orb.
     0 | D:1      | Reached XP level 1. HP: 19/19 MP: 1/1
    65 | D:1      | HP: 1/20 [hobgoblin (1)]
   456 | D:1      | Reached XP level 2. HP: 23/27 MP: 2/2
   829 | D:1      | Found Much's Antique Weapon Emporium.
  1280 | D:1      | Reached XP level 3. HP: 32/33 MP: 3/3
  1545 | D:1      | Found a faded altar of an unknown god.
  1873 | D:2      | Slain by a worm

Illustrated notes

Levels and vault maps discovered:
D:1:      dpeg_arrival_rooms_c, layout_basic,
          dilly_ecumenical_altar_fadedgnrine, serial_shops, shop_fountains,
          columned_hall_lemuel, chequers_serial_rivers_marsh
D:2:      layout_rooms, nicolae_wormholes

Skill      XL: |  1  2 |
---------------+-------+-----
Fighting       | 4 |  4.1
Stealth        | 2 |  2.1
Axes           | |  4.5
Dodging        | |  2.8

Action                   || total
-------------------------++-------
Melee: Hand axe          ||   116
       Punch             ||     1
 Stab: Sleeping          ||     2
Armor: Robe              ||    30
Dodge: Dodged            ||    71
